 Dungeon Crawl Stone Soup version 0.18.1-8-gdd0e5ea (webtiles) character file.

6213 mistymad the Protected (level 10, -2/92 HPs)
             Began as a Deep Dwarf Fighter on May 22, 2016.
             Was an Elder of Makhleb.
             Slain by an orc warrior
             ... wielding a cursed -3 glaive
              (5 damage)
             ... on level 9 of the Dungeon.
             The game lasted 00:31:26 (7806 turns).

mistymad the Protected (Deep Dwarf Fighter)         Turns: 7806, Time: 00:31:27

Health: -2/92      AC: 20    Str: 20    XL:     10   Next: 61%
Magic:  14/14      EV:  9    Int:  6    God:    Makhleb [****..]
Gold:   270        SH: 12    Dex: 20    Spells: 1 memorised, 7 levels left

rFire  . . .     SeeInvis .     X - +1 hand axe (freeze)
rCold  x . .     Gourm    +     z - +0 plate armour
rNeg   + + .     Faith    .     c - +0 shield
rPois  +         Spirit   .     C - +0 helmet
rElec  .         Dismiss  .     D - +2 cloak {rPois}
rCorr  .         Reflect  .     (no gloves)
SustAt .         Harm     .     r - +0 pair of boots {Stlth+}
MR     +....                    S - amulet of the gourmand
Stlth  ..........               (no ring)
                                o - ring of Demons {rPois rC- rN++ Int-3 Dex+5} (curse)

@: non-regenerating, somewhat resistant to hostile enchantments, extremely
unstealthy
A: damage resistance, recharge devices, sense surroundings 2, slow regeneration
3
a: Device Recharging, Minor Destruction, Lesser Servant of Makhleb, Major
Destruction, Renounce Religion


You were on level 9 of the Dungeon.
You worshipped Makhleb.
Makhleb was greatly pleased with you.
You were hungry.

You visited 2 branches of the dungeon, and saw 10 of its levels.
You also visited: Sewer and Ossuary.

You collected 442 gold pieces.
You spent 172 gold pieces at shops.

Inventory:

Hand Weapons
 X - a +1 hand axe of freezing (weapon)
Armour
 c - a +0 shield (worn)
 r - a +0 pair of boots of stealth (worn)
 z - a +0 plate armour (worn)
 C - a +0 helmet (worn)
 D - a +2 cloak of poison resistance (worn)
Jewellery
 o - the cursed ring of Demons (left hand) {rPois rC- rN++ Int-3 Dex+5}
   (You found it on level 4 of the Dungeon)

   [ring of intelligence]

   It affects your intelligence (-3).
   It affects your dexterity (+5).
   It makes you vulnerable to cold.
   It protects you from poison.
   It greatly protects you from negative energy.
   It has a curse placed upon it.
 s - an uncursed ring of see invisible
 S - an amulet of the gourmand (around neck)
Wands
 e - a wand of heal wounds (2/9)
 y - a wand of paralysis (0/24)
 M - a wand of slowing (12/48)
 N - a wand of flame (6/48)
 P - a wand of paralysis (7/24)
 V - a wand of acid (8/15)
Scrolls
 g - 3 scrolls of fog
 h - 2 scrolls of recharging
 j - 3 scrolls of blinking
 k - a scroll of identify
 m - 3 scrolls of enchant armour
 t - 2 scrolls of enchant weapon
 u - 2 scrolls of remove curse
 x - a scroll of magic mapping
 B - 3 scrolls of teleportation
 U - a scroll of vulnerability {unknown}
Potions
 a - a potion of heal wounds {unknown}
 b - a potion of invisibility {unknown}
 d - 2 potions of might
 i - a potion of magic {unknown}
 l - 4 potions of mutation {unknown}
 n - a potion of cure mutation {unknown}
 p - 5 potions of lignification {unknown}
 q - 7 potions of curing {unknown}
 w - a potion of haste {unknown}
 A - 2 potions of flight {unknown}
 E - a potion of experience {unknown}
 F - 5 potions of degeneration {unknown}
 G - 2 potions of berserk rage {unknown}
 K - a potion of brilliance {unknown}
 O - a potion of resistance {unknown}
 W - 2 potions of ambrosia {unknown}
 Z - a potion of agility {unknown}
Books
 J - a book of Maledictions

   Spells                             Type                      Level
   a - Corona                         Hexes                        1
   b - Ensorcelled Hibernation        Hexes/Ice                    2
   c - Confuse                        Hexes                        3
   d - Tukima's Dance                 Hexes                        3
   e - Dazzling Spray                 Conjuration/Hexes            3
 L - a book of Minor Magic

   Spells                             Type                      Level
   a - Magic Dart                     Conjuration                  1
   b - Blink                          Translocation                2
   c - Call Imp                       Summoning                    2
   d - Repel Missiles                 Charms/Air                   2
   e - Slow                           Hexes                        2
   f - Conjure Flame                  Conjuration/Fire             3
   g - Mephitic Cloud                 Conjuration/Poison/Air       3
Comestibles
 f - 5 bread rations
 v - 2 slices of pizza
 H - 2 meat rations
 I - a beef jerky
 R - 34 fruits


   Skills:
 + Level 6.7 Fighting
 + Level 7.9 Axes
 + Level 8.5 Armour
 + Level 7.3 Dodging
 + Level 8.2 Shields
 + Level 6.2 Invocations


You had 7 spell levels left.
You knew the following spells:

 Your Spells              Type           Power        Failure   Level  Hunger
a - Repel Missiles        Chrm/Air       #.....       100%        2    ###....


Dungeon Overview and Level Annotations

Branches:
Dungeon (9/15)             Temple (1/1) D:5            Lair (0/8) D:9
    Orc: D:9-12

Altars:
Ashenzari
Cheibriados
Dithmenos
Elyvilon
Fedhas
Gozag
Kikubaaqudgha
Makhleb
Nemelex Xobeh
Okawaru
Pakellas
Qazlal
Ru
Sif Muna
Trog
Vehumet
Xom
Yredelemnul
Zin
The Shining One

Shops:
D:8 [(*


Innate Abilities, Weirdness & Mutations

You are resistant to damage.
You can recharge devices by infusing magical energy.
You passively map the area around you.
You do not regenerate naturally.


Message History

The orc warrior is almost dead.
The orc warrior hits you with a short sword!
* * * LOW HITPOINT WARNING * * *
You block the orc warrior's attack.
You hit the orc warrior but do no damage.
The orc warrior is almost dead.
The orc warrior hits you but does no damage.
You closely miss the orc warrior.
The orc warrior is almost dead.
The orc warrior hits you but does no damage.
The orc warrior barely misses you.
You hit the orc warrior. You freeze the orc warrior.
The orc warrior is almost dead.
The orc warrior hits you but does no damage.
You block the orc warrior's attack.
Your plate armour prevents you from hitting the orc warrior.
The orc warrior is almost dead.
You block the orc warrior's attack.
The orc warrior hits you from afar with an enchanted glaive!
You die... * ### ...# #####.# .ooo #.....# ooo,*

#.###.# oo * ####### #.# #@# #.#
* ......# #.# #o# ..# ....#.#
####.###o#######.# ##.# ....'.#
#.....ooo#...h.o†#..$..,*
....#####.##.#.oho..go.........
...()...........o...o..|.......
...)#####...........#.#........
....+.###......###..#.#........,
....#.#...............####.....


You could see 3 orc warriors, a wolf and 4 orcs.

Vanquished Creatures
  Erolcha (D:9)
  A two-headed ogre (D:8)
  Grinder (D:5)
  Sigmund (D:4)
  Grum (D:9)
  A basilisk (D:7)
  2 hippogriffs
  Menkaure (D:5)
  Duvessa (D:4)
  3 orc warriors
  A black bear (D:8)
  2 centaurs
  2 ogres (D:6)
  2 wolves (D:9)
  A crocodile (Sewer)
  2 big kobolds
  Blork the orc (D:5)
  3 giant frogs
  Dowan (D:4)
  A wyvern skeleton (D:7)
  14 scorpions
  8 killer bees
  8 wights (D:7)
  4 howler monkeys (D:7)
  7 electric eels (D:8)
  A wasp zombie (D:6)
  2 jellies (D:7)
  A hound (D:7)
  2 orc priests
  A human zombie (Ossuary)
  Crazy Yiuf (D:3)
  An iron imp (D:5)
  6 orc wizards
  A giant frog skeleton (D:7)
  An iguana (D:5)
  6 worker ants
  Terence (D:2)
  A killer bee zombie (D:8)
  A big kobold zombie (Ossuary)
  3 mummies (Ossuary)
  A worker ant zombie (D:8)
  Robin (D:3)
  7 adders
  A howler monkey skeleton (D:6)
  A scorpion zombie (Ossuary)
  3 shadow imps
  3 worms
  2 dart slugs
  5 giant geckos
  31 orcs
  3 ball pythons
  6 bats
  10 giant cockroaches
  13 goblins
  5 hobgoblins
  7 jackals
  13 kobolds
  3 quokkas
  A giant gecko zombie (D:8)
  4 giant newts
  4 gnoll zombies (Ossuary)
  A goblin zombie (Ossuary)
  3 hobgoblin zombies (Ossuary)
  A jackal skeleton (D:8)
  A kobold zombie (Ossuary)
  2 orc zombies (Ossuary)
  2 quokka zombies
  6 rats
239 creatures vanquished.

Vanquished Creatures (others)
  A troll (D:6)
  An adder (D:9)
  A hobgoblin zombie (Ossuary)
3 creatures vanquished.

Grand Total: 242 creatures vanquished

Notes
Turn   | Place    | Note
--------------------------------------------------------------
     0 | D:1      | mistymad the Deep Dwarf Fighter began the quest for the Orb.
     0 | D:1      | Reached XP level 1. HP: 20/20 MP: 1/1
   251 | D:1      | Reached XP level 2. HP: 17/27 MP: 2/2
   912 | D:2      | Found a glowing silver altar of Zin.
   912 | D:2      | Noticed an angel
  1156 | D:2      | Noticed Terence
  1162 | D:2      | Reached skill level 1 in Dodging
  1171 | D:2      | Killed Terence
  1171 | D:2      | Reached XP level 3. HP: 18/34 MP: 3/3
  1580 | D:3      | Found a glowing drain.
  1589 | Sewer    | Entered a sewer
  1633 | Sewer    | Noticed a crocodile
  1647 | Sewer    | Killed a crocodile
  1647 | Sewer    | Reached XP level 4. HP: 28/42 MP: 4/4
  1809 | D:3      | Reached XP level 5. HP: 33/49 MP: 5/5
  2049 | D:3      | Found a radiant altar of Vehumet.
  2267 | D:3      | Noticed Robin
  2281 | D:3      | Killed Robin
  2402 | D:3      | Noticed Crazy Yiuf
  2411 | D:3      | Killed Crazy Yiuf
  2607 | D:4      | Noticed Duvessa
  2608 | D:4      | Noticed Dowan
  2674 | D:4      | Noticed Sigmund
  2696 | D:4      | Killed Sigmund
  2696 | D:4      | Reached XP level 6. HP: 19/57 MP: 6/6
  2730 | D:4      | Found a sand-covered staircase.
  2735 | Ossuary  | Entered an ossuary
  2838 | Ossuary  | Reached XP level 7. HP: 32/63 MP: 7/7
  2850 | Ossuary  | Reached skill level 5 in Armour
  2908 | Ossuary  | Reached skill level 5 in Shields
  3091 | Ossuary  | Reached skill level 5 in Axes
  3233 | D:4      | Reached XP level 8. HP: 39/73 MP: 8/8
  3307 | D:4      | Killed Duvessa
  3313 | D:4      | Killed Dowan
  3331 | D:4      | Got a glittering glass ring
  3337 | D:4      | Found an oddly glowing altar of Pakellas.
  3522 | D:4      | Found an opulent altar of Gozag.
  3573 | D:4      | Found a sacrificial altar of Ru.
  3666 | D:5      | Entered Level 5 of the Dungeon
  3675 | D:5      | Found a blossoming altar of Fedhas.
  3685 | D:5      | Identified the cursed ring of Demons {rPois rC- rN++ Int-3 Dex+5} (You found it on level 4 of the Dungeon)
  3777 | D:5      | Found a shimmering altar of Xom.
  3801 | D:5      | Found a staircase to the Ecumenical Temple.
  3807 | Temple   | Entered the Ecumenical Temple
  3830 | Temple   | Became a worshipper of Makhleb the Destroyer
  4114 | D:5      | Found a glowing golden altar of the Shining One.
  4298 | D:5      | Noticed Grinder
  4303 | D:5      | Paralysed by Grinder for 6 turns
  4312 | D:5      | Paralysed by Grinder for 2 turns
  4325 | D:5      | Killed Grinder
  4325 | D:5      | Reached skill level 5 in Fighting
  4325 | D:5      | Reached skill level 1 in Invocations
  4360 | D:5      | Noticed Menkaure
  4370 | D:5      | Killed Menkaure
  4370 | D:5      | Reached skill level 5 in Dodging
  4421 | D:5      | Noticed Blork the orc
  4434 | D:5      | Killed Blork the orc
  4480 | D:5      | Found a snail-covered altar of Cheibriados.
  4926 | D:6      | Found a bloodstained altar of Trog.
  4976 | D:6      | Gained mutation: You passively map the area around you. [Deep Dwarf growth]
  4976 | D:6      | Reached XP level 9. HP: 34/81 MP: 9/11
  4978 | D:6      | Reached * piety under Makhleb
  5075 | D:6      | Found a sparkling altar of Nemelex Xobeh.
  5358 | D:6      | Found an oddly glowing altar of Pakellas.
  5358 | D:6      | Noticed an orange crystal statue
  5371 | D:6      | Killed a troll
  6217 | D:7      | Reached ** piety under Makhleb
  6392 | D:7      | Found a deep blue altar of Sif Muna.
  6746 | D:8      | Found Efacluc's General Store.
  6750 | D:8      | Bought a scroll of identify for 30 gold pieces
  6750 | D:8      | Bought a scroll of recharging for 142 gold pieces
  6939 | D:8      | Found Jejurch Yczoi's Weapon Shoppe.
  6994 | D:8      | Reached skill level 5 in Invocations
  6994 | D:8      | Reached XP level 10. HP: 35/91 MP: 13/13
  7100 | D:8      | Reached *** piety under Makhleb
  7309 | D:8      | Found Qetill's Antique Armour Boutique.
  7363 | D:8      | Learned a level 2 spell: Repel Missiles
  7587 | D:9      | Found a staircase to the Lair.
  7685 | D:9      | Noticed Grum
  7685 | D:9      | Noticed Erolcha
  7723 | D:9      | HP: 1/92 [Erolcha/giant spiked club (11)]
  7732 | D:9      | Killed Erolcha
  7770 | D:9      | Killed Grum
  7788 | D:9      | Reached **** piety under Makhleb
  7802 | D:9      | HP: 3/92 [orc warrior/short sword (10)]
  7806 | D:9      | Slain by an orc warrior

Skill      XL: |  1  2  3  4  5  6  7  8  9 10 |
---------------+-------------------------------+-----
Fighting       | 3 4 5 6 |  6.7
Dodging        | 1 2 3 4 5 6 7 |  7.3
Axes           | 3 4 5 6 7 |  7.9
Armour         | 4 5 6 7 8 |  8.5
Shields        | 4 5 6 7 8 |  8.2
Invocations    | 2 5 6 |  6.2

Action                   |  1- 3 |  4- 6 |  7- 9 | 10-12 || total
-------------------------+-------+-------+-------+-------++-------
Melee: War axe           |   126 |   210 |   598 |       ||   934
       Hand axe          |       |       |    74 |   260 ||   334
Evoke: Wand              |     1 |     2 |    14 |     8 ||    25
  Use: Scroll            |       |     3 |    12 |     4 ||    19
 Stab: Paralysed         |       |       |    10 |       ||    10
  Eat: Chunk             |     3 |     4 |    15 |     5 ||    27
Armor: Scale mail        |    40 |       |       |       ||    40
       Chain mail        |    22 |    18 |       |       ||    40
       Plate armour      |       |    85 |   319 |   109 ||   513
Dodge: Dodged            |    46 |    30 |   149 |    98 ||   323
Block: Shield            |    69 |   101 |   383 |   169 ||   722
